 Dungeon Crawl Stone Soup version 0.30.0-5-g1a98f26d00 (webtiles) character file.

Game seed: 14388913468377328312

432 Daunt the Digger (level 7, -4/41 HPs)
             Began as a Gargoyle Earth Elementalist on May 10, 2023.
             Slain by Edmund
             ... wielding a +3 heavy flail
              (20 damage)
             ... on level 4 of the Dungeon.
             The game lasted 00:16:34 (2576 turns).

Daunt the Digger (Gargoyle Earth Elementalist)      Turns: 2576, Time: 00:16:35

Health: -4/41      AC: 10    Str: 12    XL:     7   Next: 0%
Magic:  9/10       EV: 11    Int: 17    God:
Gold:   191        SH:  5    Dex: 16    Spells: 7/10 levels left

rFire   . . .        C - staff of earth
rCold   . . .        x - +0 buckler
rNeg    + . .        a - +0 robe
rPois   ∞            n - +0 helmet
rElec   +            F - +0 cloak
rCorr   .            y - +0 pair of gloves
SInv    .            E - +0 pair of boots
Will    .....        i - amulet of magic regeneration
Stlth   ++           H - +6 ring of dexterity
HPRegen 0.26/turn    (no ring)
MPRegen 0.52/turn

%: no passive effects
@: no status effects
A: sickness immunity, AC +4, negative energy resistance 1, electricity
resistance, torment resistance 1, petrification resistance
a: no special abilities


You were on level 4 of the Dungeon.
You visited 1 branch of the dungeon, and saw 4 of its levels.

You collected 191 gold pieces.

Inventory:

Hand Weapons
 f - a +0 dagger
 v - a +0 flail
Missiles
 g - 41 stones
 A - 4 javelins
Armour
 a - a +0 robe (worn)
 n - a +0 helmet (worn)
 x - a +0 buckler (worn)
 y - a +0 pair of gloves (worn)
 B - a +2 kite shield
 E - a +0 pair of boots (worn)
 F - a +0 cloak (worn)
Magical Staves
 C - a staff of earth (weapon)
Jewellery
 i - an amulet of magic regeneration (around neck)
 t - a ring of ice
 z - a ring of ice
 H - a +6 ring of dexterity (left hand)
Scrolls
 c - a scroll of noise {unknown}
 h - 2 scrolls of teleportation {unknown}
 j - a scroll of vulnerability {unknown}
 m - 2 scrolls of fog
 o - 2 scrolls of fear {unknown}
 p - 2 scrolls of poison {unknown}
 s - a scroll of amnesia {unknown}
 w - 4 scrolls of identify {unknown}
 D - a scroll of torment {unknown}
 I - a scroll of enchant armour {unknown}
 J - a scroll of enchant weapon {unknown}
Potions
 b - a potion of magic
 d - 2 potions of mutation {unknown}
 e - a potion of lignification {unknown}
 k - a potion of attraction {unknown}
 l - 2 potions of haste {unknown}
 q - a potion of invisibility {unknown}
 r - a potion of flight {unknown}
 u - 2 potions of brilliance {unknown}
 G - a potion of cancellation {unknown}


   Skills:
 + Level 3.0 Fighting
 - Level 1.5 Dodging
 - Level 2.1 Stealth
 - Level 4.0 Shields
 + Level 2.0 Spellcasting
 - Level 4.0 Conjurations
 - Level 1.0 Transmutations
 + Level 5.0 Earth Magic


You had 7 spell levels left.
You knew the following spells:

 Your Spells              Type           Power      Damage    Failure   Level
a - Sandblast             Erth           56%        2d13      3%          1
p - Passwall              Tmut/Erth      15%        N/A       12%         2

Your spell library contained the following spells:

 Spells                   Type           Power      Damage    Failure   Level
 Stone Arrow              Conj/Erth      50%        3d10      12%         3
 Freeze                   Ice            4%         1d3       26%         1
 Hailstorm                Conj/Ice       8%         3d4       34%         3
 Lesser Beckoning         Tloc           2%         N/A       36%         2
 Petrify                  Tmut/Erth      18%        N/A       58%         4
 Frozen Ramparts          Ice            2%         1d1       61%         3
 Gell's Gravitas          Tloc           1%         N/A       61%         3
 Portal Projectile        Hex/Tloc       2%         N/A       61%         3
 Teleport Other           Tloc           1%         N/A       61%         3
 Tukima's Dance           Hex            1%         N/A       61%         3
 Blade Hands              Tmut           2%         N/A       99%         5


Dungeon Overview and Level Annotations

Branches:
Dungeon (4/15)
 Temple: D:4-7

Altars:
Dithmenos

Annotations:
D:3 Terence
D:4 Edmund


Innate Abilities, Weirdness & Mutations

You are immune to sickness and miasma.
Your stone body is resilient. (AC +4)
You are immune to poison.
You resist negative energy. (rN+)
You are resistant to electric shocks. (rElec)
You are resistant to unholy torment.
You are immune to petrification.


Message History

You kill the endoplasm!
You can't see any susceptible monsters within range! (Use Z to cast anyway.)
g - 41 stones (gained 7);
I - a scroll labelled VAFIUK XEOSK A goblin comes into view.
It is wielding a +0 club.
You feel a surge of power!
The blast of sand hits the goblin!
You kill the goblin!
You have reached level 7!
Unknown command.
u - 2 emerald potions (gained 1)
You see here a +0 club.
You see here an adder corpse.
Found a dagger.
J - a scroll labelled OTRUUSHR ZAIJYK Edmund is nearby!
Press: ? - help, v - describe, . - travel
Here: Edmund, wielding a +3 heavy flail and wearing a +0 leather armour (wandering, hasn't noticed you)
The floor.
Unknown command.
Edmund shouts!
You can't see any susceptible monsters within range! (Use Z to cast anyway.) Edmund is nearby!
Edmund is nearby!
Edmund is nearby!
You can't see any susceptible monsters within range! (Use Z to cast anyway.) Edmund gestures with his flail.
You feel a surge of power!
The blast of sand hits Edmund!
Edmund is moderately wounded.
You feel a surge of power!
The blast of sand hits Edmund!
Edmund is heavily wounded.
Edmund drinks a potion.
Edmund goes berserk!
You feel a surge of power!
The blast of sand hits Edmund!
Edmund is heavily wounded.
You block Edmund's attack.
You feel a surge of power!
The blast of sand hits Edmund!
Edmund is severely wounded.
Edmund hits you with a +3 heavy flail!
You feel a surge of power!
The blast of sand hits Edmund!
Edmund is almost dead.
Edmund hits you with a +3 heavy flail! Edmund hits you with a +3 heavy flail!!
You die...

#### ...# .#.#
##############
)#.###...##....@@.#
.#.##.....#.#####.#
..........#.#####.#
.#.##..........##.#
...###...##.##.##.#
.### ######@......#
## #.......# #
########....##.###
####.....##.#.^.....#


You could see Edmund (berserk).

Vanquished Creatures
  An orc priest (D:3)
  A gnoll bouda (D:4)
  4 orc wizards (D:3)
  An iguana (D:4)
  6 gnolls
  7 adders
  A white imp (D:4)
  An ufetubus (D:4)
  A worm (D:3)
  2 dart slugs
  19 orcs
  3 bats
  5 endoplasms
  A giant cockroach (D:1)
  7 goblins
  7 hobgoblins
  9 jackals
  5 kobolds
  2 quokkas
  7 ball pythons
  2 frilled lizards
  8 rats
100 creatures vanquished.

Notes
Turn   | Place    | Note
-------+----------+-------------------------------------------
     0 | D:1      | Daunt the Gargoyle Earth Elementalist began the quest for
                  | the Orb.
     0 | D:1      | Reached XP level 1. HP: 10/10 MP: 3/3
    65 | D:1      | Reached skill level 1 in Fighting
   122 | D:1      | Reached XP level 2. HP: 17/17 MP: 1/5
   388 | D:1      | Reached skill level 4 in Earth Magic
   501 | D:1      | Found a faded altar of an unknown god.
   505 | D:1      | Got Plato's Cyclopedia of the Crater
   644 | D:2      | Reached XP level 3. HP: 21/21 MP: 4/6
   708 | D:2      | Reached XP level 4. HP: 27/27 MP: 5/7
  1133 | D:2      | Reached skill level 1 in Shields
  1294 | D:3      | Noticed Terence
  1487 | D:3      | Found a shadowy altar of Dithmenos.
  1496 | D:3      | Reached XP level 5. HP: 30/31 MP: 6/8
  1516 | D:3      | Learned a level 2 spell: Passwall
  1632 | D:3      | Reached skill level 5 in Earth Magic
  1670 | D:3      | Reached skill level 1 in Transmutations
  1671 | D:3      | Reached XP level 6. HP: 37/37 MP: 7/9
  1680 | D:3      | Reached skill level 1 in Conjurations
  2014 | D:4      | Noticed Edmund
  2425 | D:4      | Reached XP level 7. HP: 41/41 MP: 10/10
  2576 | D:4      | Slain by Edmund

Illustrated notes

Levels and vault maps discovered:
D:1:      dpeg_arrival_ratfight, layout_basic,
          shapermc_ecumenical_altar_rom_forum, serial_forest,
          infiniplex_forest_side_room, infiniplex_forest_clump_diagonal,
          infiniplex_forest_lined_2, infiniplex_forest_zigzag_2,
          infiniplex_forest_straight_3
D:2:      layout_basic
D:3:      layout_basic, lemuel_round_altar, uniq_terence
D:4:      layout_loops_cross, serial_bayou_crossing, uniq_edmund

Skill      XL: |  1  2  3  4  5  6 |
---------------+-------------------+-----
Fighting       | 1 2 3 |  3.0
Earth Magic    | 4 5 |  5.0
Shields        | 2 4 |  4.0
Transmutations | 1 |  1.0
Conjurations   | 4 |  4.0
Dodging        | |  1.5
Stealth        | |  2.1
Spellcasting   | |  2.0

Action                     |  1- 3 |  4- 6 |  7- 9 || total
---------------------------+-------+-------+-------++-------
  Melee: Staff             |       |     2 |       ||     2
   Cast: Sandblast         |    36 |   111 |     5 ||   152
    Use: Scroll            |       |     1 |       ||     1
 Armour: Robe              |     2 |    14 |       ||    16
  Dodge: Dodged            |     5 |     8 |       ||    13
  Block: Buckler           |       |     3 |     1 ||     4
